 Dungeon Crawl Stone Soup version 0.30-a0-782-ge64f9170bb (webtiles) character file.

Game seed: 5308836950283260595

8 senseless the Trooper (level 2, 23/24 HPs)
             Began as a Demonspawn Fighter on Mar 17, 2023.
             Quit the game on level 1 of the Dungeon.
             The game lasted 00:00:33 (211 turns).

senseless the Trooper (Demonspawn Fighter)           Turns: 211, Time: 00:00:33

Health: 23/24      AC:  6    Str: 16    XL:     2   Next: 0%
Magic:  2/2        EV:  8    Int:  9    God:
Gold:   0          SH:  4    Dex: 12    Spells: 1/1 levels left

rFire   . . .      SeeInvis .    a - +0 war axe
rCold   + . .      Faith    .    c - +0 buckler
rNeg    . . .      Spirit   .    b - +0 scale mail
rPois   .          Reflect  .    (no helmet)
rElec   .          Harm     .    (no cloak)
rCorr   .          Rampage  .    (no gloves)
Will    .....                    (no boots) Stlth
                                 (no amulet)
HPRegen 0.24/turn                e - ring of protection from cold
MPRegen 0.08/turn                (no ring)

@: no status effects
A: demonic touch 1
a: no special abilities


You were on level 1 of the Dungeon.
You visited 1 branch of the dungeon, and saw 1 of its levels.

Inventory:

Hand Weapons
 a - a +0 war axe (weapon)
Armour
 b - a +0 scale mail (worn)
 c - a +0 buckler (worn)
Jewellery
 e - a ring of protection from cold (left hand)
Scrolls
 g - 2 scrolls of magic mapping {unknown}
 i - a scroll of vulnerability {unknown}
Potions
 d - a potion of might
 f - a potion of curing {unknown}
 h - a potion of resistance {unknown}


   Skills:
 + Level 3.1 Fighting
 + Level 2.0 Axes
 + Level 2.8 Armour
 + Level 2.8 Shields


You had one spell level left.
You didn't know any spells.
Your spell library was empty.

Dungeon Overview and Level Annotations

Branches:
Dungeon (1/15)

Altars:


Innate Abilities, Weirdness & Mutations

Your touch may inflict minor irresistible damage on your foes.


Message History

You kill the jackal!
The jackal closely misses you. The jackal barely misses you.
You hit the jackal.
You kill the jackal!
Your Axes skill increases to level 2!
No target in view!
No target in view!
No target in view!
No target in view!
No target in view!
No target in view!
No target in view!
No target in view!
No target in view!
No target in view!
No target in view!
g - 2 scrolls labelled TUMATOHUDU (gained 1)
You open the door.
Found 3 stones.
There is an open door here.
You see here 3 stones.
You open the door.
There is an open door here.
As you open the door, it creaks loudly!
You hear a shout!
A rat comes into view.
A rat comes into view.
A goblin comes into view. It is wielding a +0 dagger.
The goblin shouts!
A kobold comes into view. It is wielding a +0 whip.
A goblin comes into view. It is wielding a +0 club.
You barely miss the rat. The rat bites you but does no damage.
The rat misses you.
You closely miss the rat. The rat bites you.
You slash the rat!
You kill the rat!
You block the rat's attack.
You have reached level 2!
Your demonic ancestry asserts itself...
Your hands begin to faintly glow with unholy energy.
Are you sure you want to abandon this character and quit the game? (Confirm with "yes".)

#......... ###...#....
#.....#.... ############
#..##.#....
#..........###..##.#....
#...........>......'....
#..............#####....
#..............# #....
.#.#..@...#'#.# #....
......rg...#.#.# #....
#.#.#K.g...#.#.# #####
..........#.#.###
#.#.#......#.#...#
................#
#.#.#.#######.#..#######
...... #.............
#..##♣♣♣.♣♣♣##


You could see 2 goblins, a kobold and a rat.

Vanquished Creatures
  4 jackals (D:1)
  4 rats (D:1)
8 creatures vanquished.

Notes
Turn   | Place    | Note
-------+----------+-------------------------------------------
     0 | D:1      | senseless the Demonspawn Fighter began the quest for the
                  | Orb.
     0 | D:1      | Reached XP level 1. HP: 18/18 MP: 1/1
   211 | D:1      | Gained mutation: Your touch may inflict minor irresistible
                  | damage on your foes. [demonic ancestry]
   211 | D:1      | Reached XP level 2. HP: 23/24 MP: 2/2
   211 | D:1      | Quit the game

Illustrated notes

Levels and vault maps discovered:
D:1:      scummos_arrival_forest, layout_basic,
          shapermc_ecumenical_altar_hornbeckon, st_stairs_12

Skill      XL: |  1 |
---------------+----+-----
Axes           | 2 |  2.0
Fighting       | |  3.1
Armour         | |  2.8
Shields        | |  2.8

Action                     || total
---------------------------++-------
  Melee: War axe           ||    15
 Armour: Scale mail        ||     2
  Dodge: Dodged            ||    10
  Block: Buckler           ||     3

Table legend: (Time is in decaauts)
 A = Elapsed time spent in this place.
 B = Non-inter-level travel time spent in this place.
 C = Inter-level travel time spent in this place.
 D = Time resting spent in this place.
 E = Time spent auto-exploring this place.
 F = Levels seen in this place.
 G = Mean time per level.
                   A        B        C        D        E       F      G
               +--------+--------+--------+--------+--------+-----+--------+
         Total |    217 |    217 |      0 |      0 |    167 |   1 |  217.0 |
       Dungeon |    217 |    217 |      0 |      0 |    167 |   1 |  217.0 |
               +--------+--------+--------+--------+--------+-----+--------+

Top non-repeatable levels by time:
     D:1: 217 daAuts
